Avalanche vs Blues

Created - May 4, 2024 at 21:58

Goals
1 2 3 T
Avalanche 0 0 0 0
Blues 1 0 0 1
Shots
1 2 3 T
Avalanche 16 5 9 30
Blues 10 10 15 35

1st period

1. Blues , Logan Couture 1 (Anders Lee 3, Gustav Forsling 1) at 12:31

Penalties :
Roope Hintz (COL) for Holding (Minor) at 1:50, Derek Forbort (STL) for High sticking (Minor) at 9:12, Mario Ferraro (STL) for Holding (Minor) at 15:53

2nd period

No Goal

Penalties :
Darren Helm (STL) for Holding (Minor) at 11:59

3rd period

No Goal

Penalties :
Erik Karlsson (COL) for Tripping (Minor) at 10:32, Sebastian Aho (COL) for Holding (Minor) at 15:41

Goalie Stats

Ilya Samsonov (COL), 34 saves from 35 shots - (0.971), L, 2-1-2, 59:41 minutes
Tristan Jarry (STL), 30 saves from 30 shots - (1.000), W, 3-2-0, 60:00 minutes

Players Stats for Avalanche

Player Name              G  A  P  +/- PIM S  H  SB GA TA FO     MP     PP MP  PK MP  
------------------------------------------------------------------------------------
Alex Iafallo             0  0  0   0  0   1  0  0  0  0  1/1    13:13   0:00   0:00 
Alex Newhook             0  0  0   0  0   0  0  0  0  0  5/12   10:09   0:00   0:28 
Brendan Smith            0  0  0   0  0   0  0  0  0  0  0/0     0:00   0:00   0:00 
Brett Kulak              0  0  0   0  0   0  0  0  0  0  0/0    15:37   0:00   0:00 
Erik Karlsson            0  0  0   0  2   0  1  1  0  0  0/0    20:51   3:58   2:22 
Evander Kane             0  0  0  -1  0   1  4  0  0  0  0/0    16:09   2:23   0:00 
J.T. Compher             0  0  0  -1  0   4  0  0  0  0  0/2    16:09   2:23   0:00 
Jordie Benn              0  0  0   0  0   3  0  3  0  0  0/0    16:34   0:00   1:05 
Justin Faulk             0  0  0  -1  0   1  2  5  0  0  0/0    25:58   3:58   3:27 
Marc-Edouard Vlasic      0  0  0  -1  0   1  1  4  0  0  0/0    22:26   1:59   2:30 
Mikko Rantanen           0  0  0   0  0   1  2  0  0  0  1/2    18:26   3:34   3:26 
Nathan MacKinnon         0  0  0   0  0   4  1  0  0  0  8/18   25:16   3:34   0:43 
Rocco Grimaldi           0  0  0   0  0   1  0  0  0  0  0/1     9:41   0:00   0:00 
Roope Hintz              0  0  0   0  2   0  1  1  0  0  10/20  15:48   0:00   2:36 
Sebastian Aho            0  0  0  -1  2   3  0  0  0  0  10/18  17:42   2:23   1:34 
Tyson Barrie             0  0  0   0  0   1  0  3  0  0  0/0    18:33   1:59   2:30 
Valeri Nichushkin        0  0  0   0  0   6  2  0  0  0  1/2    16:25   3:34   1:17 
Warren Foegele           0  0  0   0  0   3  1  1  0  0  0/1    15:03   0:00   1:50 

Players Stats for Blues

Player Name              G  A  P  +/- PIM S  H  SB GA TA FO     MP     PP MP  PK MP  
------------------------------------------------------------------------------------
Alexander Alexeyev       0  0  0   1  0   0  0  0  0  0  0/0    19:41   0:08   2:18 
Anders Lee               0  1  1   1  0   2  1  0  0  0  1/1    17:34   3:13   0:06 
Andrew Cogliano          0  0  0   0  0   2  0  0  0  0  0/0    15:37   0:00   2:55 
Brandon Hagel            0  0  0   0  0   1  1  0  0  0  0/1    17:16   2:43   0:56 
Cole Guttman             0  0  0   0  0   1  0  0  0  0  6/10    8:13   0:00   0:00 
Darren Helm              0  0  0   0  2   1  1  1  0  0  0/1     8:12   0:00   0:00 
Derek Forbort            0  0  0   0  2   0  0  3  0  0  0/0    18:53   0:39   1:40 
Eetu Luostarinen         0  0  0   0  0   1  0  0  0  0  4/6    11:30   0:00   3:17 
Filip Forsberg           0  0  0   0  0   8  0  0  0  0  0/0    15:40   2:44   0:00 
Gustav Forsling          0  1  1   1  0   2  0  1  0  0  0/0    23:05   1:41   4:09 
Jake Guentzel            0  0  0   1  0   1  0  0  0  0  0/2    17:24   4:04   0:00 
Logan Couture            1  0  1   1  0   5  0  0  0  0  10/23  16:33   3:13   0:00 
Mario Ferraro            0  0  0   0  2   2  1  5  0  0  0/0    20:17   2:35   2:32 
Nic Dowd                 0  0  0   0  0   3  4  0  0  0  10/15  15:40   2:44   0:00 
Noah Dobson              0  0  0   0  0   3  1  0  0  0  0/0    19:00   3:29   1:15 
Sean Walker              0  0  0   0  0   1  1  1  0  0  0/0    16:19   0:39   0:00 
Teddy Blueger            0  0  0   0  0   1  1  1  0  0  9/16   15:57   0:00   2:20 
Tyler Motte              0  0  0   0  0   1  0  0  0  0  1/2    17:09   1:53   2:20 

3 Stars

1 - Tristan Jarry (STL)
2 - Ilya Samsonov (COL)
3 - Logan Couture (STL)

Power Play

Avalanche - 0 on 3 Attempt(s) - 0.00%
Blues - 0 on 3 Attempt(s) - 0.00%

Penalty Kill

Avalanche - 3 on 3 Attempt(s) - 100.00% - Score 0 goal in Penalty Kill
Blues - 3 on 3 Attempt(s) - 100.00% - Score 0 goal in Penalty Kill

Team Stat

Avalanche - Hits : 15 - Faceoff Wins : 36 - Blocked Shots : 18 - Penalty Minutes : 6
Blues - Hits : 11 - Faceoff Wins : 41 - Blocked Shots : 12 - Penalty Minutes : 6

Official

Referees : Michael Markovic and Morgan Macphee
Linesman : Matt MacPherson and Ben O'Quinn

Game Notes

No Game Note

Finance

Level 1 -- Attendance: 6000 (100.00%) -- Ticket Income $780,000
Level 2 -- Attendance: 5000 (100.00%) -- Ticket Income $225,000
Level 3 -- Attendance: 2000 (100.00%) -- Ticket Income $80,000
Level 4 -- Attendance: 4000 (100.00%) -- Ticket Income $140,000
Luxury Box -- Attendance: 1000 (100.00%) -- Ticket Income $100,000
Game was played at the Scottrade Center.
Total Attendance: 18000 (100.00%)
Total Ticket Income: $1,325,000
Other Income: $649,250
Total Income: $1,974,250

Avalanche

5 vs 5 Forward 
   Center                   Left Wing                Right Wing               Time % Phy DF OF 
 1 Nathan MacKinnon         Valeri Nichushkin        Mikko Rantanen           25     1   2  2  
 2 Sebastian Aho            Evander Kane             J.T. Compher             25     1   2  2  
 3 Roope Hintz              Alex Iafallo             Warren Foegele           25     1   2  2  
 4 Alex Newhook             Nathan MacKinnon         Rocco Grimaldi           25     1   2  2  

5 vs 5 Defense 
   Defense                  Defense                                           Time % Phy DF OF 
 1 Justin Faulk             Erik Karlsson                                     28     1   2  2  
 2 Marc-Edouard Vlasic      Tyson Barrie                                      26     1   2  2  
 3 Brett Kulak              Jordie Benn                                       26     1   2  2  
 4 Marc-Edouard Vlasic      Justin Faulk                                      20     1   2  2  

PowerPlay Forward 
   Center                   Left Wing                Right Wing               Time % Phy DF OF 
 1 Nathan MacKinnon         Valeri Nichushkin        Mikko Rantanen           60     1   2  2  
 2 Sebastian Aho            Evander Kane             J.T. Compher             40     1   2  2  

PowerPlay Defense
   Defense                  Defense                                           Time % Phy DF OF 
 1 Justin Faulk             Erik Karlsson                                     60     1   2  2  
 2 Marc-Edouard Vlasic      Tyson Barrie                                      40     1   2  2  

Penalty Kill 4 Players Forward 
   Center                   Wing                     Time % Phy DF OF 
 1 Roope Hintz              Mikko Rantanen           60     1   2  2  
 2 Sebastian Aho            Valeri Nichushkin        40     1   2  2  

Penalty Kill 4 Players Defense
   Defense                  Defense                  Time % Phy DF OF 
 1 Justin Faulk             Erik Karlsson            60     1   2  2  
 2 Marc-Edouard Vlasic      Tyson Barrie             40     1   2  2  

Penalty Kill - 3 Players Forward 
   Forward                                           Time % Phy DF OF 
 1 Valeri Nichushkin                                 60     1   2  2  
 2 Mikko Rantanen                                    40     1   2  2  

Penalty Kill - 3 Players Defense
   Defense                  Defense                  Time % Phy DF OF 
 1 Justin Faulk             Erik Karlsson            60     1   2  2  
 2 Marc-Edouard Vlasic      Tyson Barrie             40     1   2  2  

4 vs 4 Forward 
   Center                   Wing                     Time % Phy DF OF 
 1 Nathan MacKinnon         Mikko Rantanen           60     1   2  2  
 2 Sebastian Aho            Valeri Nichushkin        40     1   2  2  

4 vs 4 Defense
   Defense                  Defense                  Time % Phy DF OF 
 1 Justin Faulk             Erik Karlsson            60     1   2  2  
 2 Marc-Edouard Vlasic      Tyson Barrie             40     1   2  2  

Last Minutes Offensive
   Center                   Left Wing                Right Wing               Defense                  Defense                  
   Nathan MacKinnon         Valeri Nichushkin        Mikko Rantanen           Justin Faulk             Erik Karlsson            

Last Minutes Defensive
   Center                   Left Wing                Right Wing               Defense                  Defense                  
   Nathan MacKinnon         Valeri Nichushkin        Mikko Rantanen           Justin Faulk             Erik Karlsson            

Goaltenders
Starting : Ilya Samsonov            
Backup : Stuart Skinner           

Extra Forwards
Normal : Roope Hintz, Alex Iafallo, Warren Foegele - PP : Roope Hintz, Alex Iafallo - PK : Warren Foegele
Extra Defensemen
Normal : Brett Kulak, Jordie Benn, Justin Faulk - PP : Brett Kulak - PK : Jordie Benn, Justin Faulk
Penalty Shots
Alex Iafallo, Mikko Rantanen, Sebastian Aho, Valeri Nichushkin, Roope Hintz
Custom OT Lines Forwards
Nathan MacKinnon, Mikko Rantanen, Sebastian Aho, Valeri Nichushkin, Roope Hintz, J.T. Compher, Evander Kane, Alex Iafallo, Warren Foegele, Alex Newhook
Custom OT Lines Defensemen
Justin Faulk, Erik Karlsson, Marc-Edouard Vlasic, Tyson Barrie, Brett Kulak

Scratches
Pierre-edouard Bellemare (Healthy), Nick Perbix (Healthy)

Blues

5 vs 5 Forward 
   Center                   Left Wing                Right Wing               Time % Phy DF OF 
 1 Logan Couture            Anders Lee               Jake Guentzel            30     1   1  3  
 2 Nic Dowd                 Filip Forsberg           Tyler Motte              28     1   1  3  
 3 Teddy Blueger            Brandon Hagel            Andrew Cogliano          25     1   1  3  
 4 Cole Guttman             Eetu Luostarinen         Darren Helm              17     1   1  3  

5 vs 5 Defense 
   Defense                  Defense                                           Time % Phy DF OF 
 1 Gustav Forsling          Alexander Alexeyev                                34     1   2  2  
 2 Sean Walker              Derek Forbort                                     33     1   2  2  
 3 Noah Dobson              Mario Ferraro                                     32     1   2  2  
 4 Gustav Forsling          Derek Forbort                                     1      1   2  2  

PowerPlay Forward 
   Center                   Left Wing                Right Wing               Time % Phy DF OF 
 1 Logan Couture            Anders Lee               Jake Guentzel            60     1   1  3  
 2 Nic Dowd                 Filip Forsberg           Jake Guentzel            40     1   1  3  

PowerPlay Defense
   Defense                  Defense                                           Time % Phy DF OF 
 1 Brandon Hagel            Noah Dobson                                       60     1   2  2  
 2 Brandon Hagel            Noah Dobson                                       40     1   2  2  

Penalty Kill 4 Players Forward 
   Center                   Wing                     Time % Phy DF OF 
 1 Eetu Luostarinen         Andrew Cogliano          60     1   3  1  
 2 Teddy Blueger            Tyler Motte              40     1   2  2  

Penalty Kill 4 Players Defense
   Defense                  Defense                  Time % Phy DF OF 
 1 Gustav Forsling          Mario Ferraro            60     1   4  0  
 2 Alexander Alexeyev       Derek Forbort            40     1   4  0  

Penalty Kill - 3 Players Forward 
   Forward                                           Time % Phy DF OF 
 1 Tyler Motte                                       60     1   3  1  
 2 Teddy Blueger                                     40     1   2  2  

Penalty Kill - 3 Players Defense
   Defense                  Defense                  Time % Phy DF OF 
 1 Noah Dobson              Alexander Alexeyev       60     1   4  0  
 2 Gustav Forsling          Derek Forbort            40     1   4  0  

4 vs 4 Forward 
   Center                   Wing                     Time % Phy DF OF 
 1 Logan Couture            Jake Guentzel            60     1   2  2  
 2 Anders Lee               Filip Forsberg           40     1   2  2  

4 vs 4 Defense
   Defense                  Defense                  Time % Phy DF OF 
 1 Mario Ferraro            Noah Dobson              60     1   2  2  
 2 Alexander Alexeyev       Derek Forbort            40     1   2  2  

Last Minutes Offensive
   Center                   Left Wing                Right Wing               Defense                  Defense                  
   Logan Couture            Filip Forsberg           Jake Guentzel            Anders Lee               Noah Dobson              

Last Minutes Defensive
   Center                   Left Wing                Right Wing               Defense                  Defense                  
   Nic Dowd                 Teddy Blueger            Tyler Motte              Derek Forbort            Mario Ferraro            

Goaltenders
Starting : Tristan Jarry            
Backup : Alex Lyon                

Extra Forwards
Normal : Nic Dowd, Anders Lee, Brandon Hagel - PP : Nic Dowd, Anders Lee - PK : Brandon Hagel
Extra Defensemen
Normal : Noah Dobson, Mario Ferraro, Derek Forbort - PP : Noah Dobson - PK : Mario Ferraro, Derek Forbort
Penalty Shots
Andrew Cogliano, Logan Couture, Jake Guentzel, Darren Helm, Filip Forsberg
Custom OT Lines Forwards
Andrew Cogliano, Logan Couture, Jake Guentzel, Filip Forsberg, Nic Dowd, Anders Lee, Brandon Hagel, Tyler Motte, Eetu Luostarinen, Teddy Blueger
Custom OT Lines Defensemen
Mario Ferraro, Alexander Alexeyev, Gustav Forsling, Derek Forbort, Noah Dobson

Scratches
None


% Time on Ice - Avalanche

Lines # - Real PCT - Wanted PCT - Time Play
Normal Forward
1 - 23% - 25% - 10:42
2 - 29% - 25% - 13:46
3 - 28% - 25% - 13:10
4 - 20% - 25% - 9:41
Normal Defense
1 - 29% - 28% - 13:45
2 - 28% - 26% - 13:03
3 - 33% - 26% - 15:37
4 - 10% - 20% - 4:54
PP Forward
1 - 60% - 60% - 3:34
2 - 40% - 40% - 2:23
PP Defense
1 - 67% - 60% - 3:58
2 - 33% - 40% - 1:59
PK Forward
1 - 78% - 60% - 4:40
2 - 22% - 40% - 1:17
PK Defense
1 - 58% - 60% - 3:27
2 - 42% - 40% - 2:30
PK3 Forward
1 - 0% - 60%
2 - 0% - 40%
PK3 Defense
1 - 0% - 60%
2 - 0% - 40%
44 Forward
1 - 0% - 60%
2 - 0% - 40%
44 Defense
1 - 0% - 60%
2 - 0% - 40%
Last Minute Offensive  - 0:47
Last Minute Defensive  - 0:00
Total
Forward - 60:00
Defense - 60:00

% Time on Ice - Blues

Lines # - Real PCT - Wanted PCT - Time Play
Normal Forward
1 - 28% - 30% - 13:20
2 - 27% - 28% - 12:56
3 - 27% - 25% - 12:42
4 - 17% - 17% - 8:13
Normal Defense
1 - 37% - 34% - 17:15
2 - 33% - 33% - 15:40
3 - 30% - 32% - 14:16
4 - 0% - 1% - 0:00
PP Forward
1 - 54% - 60% - 3:13
2 - 46% - 40% - 2:44
PP Defense
1 - 90% - 60% - 5:22
2 - 10% - 40% - 0:35
PK Forward
1 - 61% - 60% - 3:37
2 - 39% - 40% - 2:20
PK Defense
1 - 60% - 60% - 3:34
2 - 40% - 40% - 2:23
PK3 Forward
1 - 0% - 60%
2 - 0% - 40%
PK3 Defense
1 - 0% - 60%
2 - 0% - 40%
44 Forward
1 - 0% - 60%
2 - 0% - 40%
44 Defense
1 - 0% - 60%
2 - 0% - 40%
Last Minute Offensive  - 0:00
Last Minute Defensive  - 0:55
Total
Forward - 60:00
Defense - 60:00

Play-by-Play

1st period


0:01 of 1st period - Logan Couture wins face-off versus Nathan MacKinnon in neutral zone.
0:08 of 1st period - Shot by Jake Guentzel.
0:08 of 1st period - Shot Misses the Net.
0:28 of 1st period - Shot by Valeri Nichushkin.
0:28 of 1st period - Shot Misses the Net.
0:30 of 1st period - Shot by Valeri Nichushkin.
0:30 of 1st period - Stopped by Tristan Jarry without a rebound.
0:31 of 1st period - Sebastian Aho wins face-off versus Nic Dowd in Blues zone.
0:38 of 1st period - Shot by Sebastian Aho.
0:38 of 1st period - Shot Blocked by Derek Forbort.
0:47 of 1st period - Shot by J.T. Compher.
0:47 of 1st period - Shot Blocked by Derek Forbort.
0:49 of 1st period - Shot by J.T. Compher.
0:49 of 1st period - Shot Misses the Net.
0:51 of 1st period - Shot by Sebastian Aho.
0:51 of 1st period - Shot Misses the Net.
0:53 of 1st period - Shot by J.T. Compher.
0:53 of 1st period - Stopped by Tristan Jarry with a rebound.
0:55 of 1st period - Shot by J.T. Compher.
0:55 of 1st period - Shot Misses the Net.
0:57 of 1st period - Shot by Sebastian Aho.
0:57 of 1st period - Stopped by Tristan Jarry without a rebound.
0:58 of 1st period - Teddy Blueger wins face-off versus Roope Hintz in Blues zone.
1:03 of 1st period - Shot by Noah Dobson.
1:03 of 1st period - Stopped by Ilya Samsonov without a rebound.
1:04 of 1st period - Cole Guttman wins face-off versus Alex Newhook in Avalanche zone.
1:36 of 1st period - Alex Newhook is hit by Darren Helm and loses puck.
1:50 of 1st period - Minor Penalty to Roope Hintz for Holding.
1:51 of 1st period - Logan Couture wins face-off versus Warren Foegele in Avalanche zone.
3:01 of 1st period - Shot by Gustav Forsling.
3:01 of 1st period - Shot Blocked by Marc-Edouard Vlasic.
3:57 of 1st period - Shot by Nathan MacKinnon.
3:57 of 1st period - Shot Misses the Net.
4:16 of 1st period - Shot by Darren Helm.
4:16 of 1st period - Shot Blocked by Jordie Benn.
4:19 of 1st period - Icing by Jordie Benn.
4:20 of 1st period - Teddy Blueger wins face-off versus Alex Newhook in Avalanche zone.
5:20 of 1st period - Alex Iafallo is hit by Mario Ferraro and loses puck.
5:29 of 1st period - Shot by Warren Foegele.
5:29 of 1st period - Shot Blocked by Mario Ferraro.
6:28 of 1st period - Off-side.
6:29 of 1st period - Logan Couture wins face-off versus Nathan MacKinnon in neutral zone.
6:47 of 1st period - Icing by Derek Forbort.
6:48 of 1st period - Logan Couture wins face-off versus Roope Hintz in Blues zone.
6:59 of 1st period - Shot by Anders Lee.
6:59 of 1st period - Stopped by Ilya Samsonov without a rebound.
7:00 of 1st period - Cole Guttman wins face-off versus Nathan MacKinnon in Avalanche zone.
7:17 of 1st period - Shot by Mikko Rantanen.
7:17 of 1st period - Shot Misses the Net.
7:19 of 1st period - Shot by Marc-Edouard Vlasic.
7:19 of 1st period - Deflect By Nathan MacKinnon.
7:19 of 1st period - Shot Blocked by Darren Helm.
7:21 of 1st period - Shot by Mikko Rantanen.
7:21 of 1st period - Stopped by Tristan Jarry without a rebound.
7:22 of 1st period - Alex Iafallo wins face-off versus Logan Couture in Blues zone.
7:33 of 1st period - Sean Walker is hit by Warren Foegele and loses puck.
7:47 of 1st period - Icing by Derek Forbort.
7:48 of 1st period - Logan Couture wins face-off versus Sebastian Aho in Blues zone.
8:01 of 1st period - Shot by Anders Lee.
8:01 of 1st period - Stopped by Ilya Samsonov without a rebound.
8:02 of 1st period - Nathan MacKinnon wins face-off versus Teddy Blueger in Avalanche zone.
8:02 of 1st period - Nathan MacKinnon is hit by Teddy Blueger.
8:39 of 1st period - Shot by Valeri Nichushkin.
8:39 of 1st period - Stopped by Tristan Jarry without a rebound.
8:40 of 1st period - Sebastian Aho wins face-off versus Logan Couture in Blues zone.
8:45 of 1st period - Shot by J.T. Compher.
8:45 of 1st period - Shot Misses the Net.
8:52 of 1st period - Noah Dobson is hit by Evander Kane.
8:53 of 1st period - Off-side.
8:54 of 1st period - Nic Dowd wins face-off versus Roope Hintz in neutral zone.
8:57 of 1st period - Shot by Sean Walker.
8:57 of 1st period - Stopped by Ilya Samsonov with a rebound.
9:10 of 1st period - Alex Iafallo is hit by Sean Walker and loses puck.
9:12 of 1st period - Minor Penalty to Derek Forbort for High sticking.
9:13 of 1st period - Nathan MacKinnon wins face-off versus Eetu Luostarinen in Blues zone.
10:37 of 1st period - Shot by Marc-Edouard Vlasic.
10:37 of 1st period - Stopped by Tristan Jarry without a rebound.
10:38 of 1st period - Eetu Luostarinen wins face-off versus Nathan MacKinnon in Blues zone.
10:38 of 1st period - Eetu Luostarinen is hit by Mikko Rantanen.
10:48 of 1st period - Alexander Alexeyev is hit by Mikko Rantanen and loses puck.
10:57 of 1st period - Shot by Nathan MacKinnon.
10:57 of 1st period - Stopped by Tristan Jarry without a rebound.
10:58 of 1st period - Sebastian Aho wins face-off versus Brandon Hagel in Blues zone.
10:59 of 1st period - Shot by J.T. Compher.
10:59 of 1st period - Stopped by Tristan Jarry with a rebound.
11:19 of 1st period - Shot by Warren Foegele.
11:19 of 1st period - Stopped by Tristan Jarry with a rebound.
11:21 of 1st period - Shot by Warren Foegele.
11:21 of 1st period - Shot Misses the Net.
11:23 of 1st period - Shot by Alex Iafallo.
11:23 of 1st period - Stopped by Tristan Jarry without a rebound.
11:24 of 1st period - Nic Dowd wins face-off versus Alex Newhook in Blues zone.
11:49 of 1st period - Shot by Noah Dobson.
11:49 of 1st period - Stopped by Ilya Samsonov without a rebound.
11:50 of 1st period - Sebastian Aho wins face-off versus Logan Couture in Avalanche zone.
11:52 of 1st period - Icing by J.T. Compher.
11:53 of 1st period - Logan Couture wins face-off versus Sebastian Aho in Avalanche zone.
12:25 of 1st period - Shot by Logan Couture.
12:25 of 1st period - Shot Blocked by Justin Faulk.
12:31 of 1st period - Shot by Logan Couture.
12:31 of 1st period - Goal by Logan Couture - Avalanche : 0 - Blues : 1.
12:32 of 1st period - Nathan MacKinnon wins face-off versus Teddy Blueger in neutral zone.
12:35 of 1st period - Shot by Valeri Nichushkin.
12:35 of 1st period - Shot Misses the Net.
12:37 of 1st period - Shot by Brett Kulak.
12:37 of 1st period - Shot Blocked by Derek Forbort.
12:39 of 1st period - Shot by Brett Kulak.
12:39 of 1st period - Shot Blocked by Sean Walker.
12:41 of 1st period - Shot by Jordie Benn.
12:41 of 1st period - Shot Misses the Net.
12:43 of 1st period - Shot by Jordie Benn.
12:43 of 1st period - Stopped by Tristan Jarry without a rebound.
12:44 of 1st period - Nic Dowd wins face-off versus Roope Hintz in Blues zone.
12:44 of 1st period - Noah Dobson is hit by Roope Hintz.
12:58 of 1st period - Shot by Filip Forsberg.
12:58 of 1st period - Shot Blocked by Warren Foegele.
13:00 of 1st period - Shot by Nic Dowd.
13:00 of 1st period - Shot Misses the Net.
13:41 of 1st period - Shot by Mikko Rantanen.
13:41 of 1st period - Shot Misses the Net.
14:12 of 1st period - Derek Forbort is hit by Marc-Edouard Vlasic and loses puck.
15:15 of 1st period - Icing by Brett Kulak.
15:16 of 1st period - Sebastian Aho wins face-off versus Nic Dowd in Avalanche zone.
15:16 of 1st period - Sebastian Aho is hit by Nic Dowd.
15:26 of 1st period - Shot by Sebastian Aho.
15:26 of 1st period - Shot Blocked by Mario Ferraro.
15:28 of 1st period - Shot by Sebastian Aho.
15:28 of 1st period - Deflect By Evander Kane.
15:28 of 1st period - Shot Blocked by Mario Ferraro.
15:30 of 1st period - Shot by J.T. Compher.
15:30 of 1st period - Shot Misses the Net.
15:32 of 1st period - Shot by Sebastian Aho.
15:32 of 1st period - Shot Blocked by Mario Ferraro.
15:36 of 1st period - Shot by Sebastian Aho.
15:36 of 1st period - Deflect By Evander Kane.
15:36 of 1st period - Shot Misses the Net.
15:38 of 1st period - Shot by Brett Kulak.
15:38 of 1st period - Shot Blocked by Mario Ferraro.
15:40 of 1st period - Shot by Jordie Benn.
15:40 of 1st period - Shot Misses the Net.
15:42 of 1st period - Shot by Jordie Benn.
15:42 of 1st period - Stopped by Tristan Jarry with a rebound.
15:47 of 1st period - Icing by Tyler Motte.
15:48 of 1st period - Roope Hintz wins face-off versus Tyler Motte in Blues zone.
15:53 of 1st period - Shot by Warren Foegele.
15:53 of 1st period - Stopped by Tristan Jarry without a rebound.
15:53 of 1st period - Minor Penalty to Mario Ferraro for Holding.
15:54 of 1st period - Eetu Luostarinen wins face-off versus Valeri Nichushkin in Blues zone.
16:05 of 1st period - Shot by Erik Karlsson.
16:05 of 1st period - Shot Misses the Net.
16:25 of 1st period - Shot by Justin Faulk.
16:25 of 1st period - Deflect By Nathan MacKinnon.
16:25 of 1st period - Stopped by Tristan Jarry with a rebound.
17:01 of 1st period - Shot by Tyson Barrie.
17:01 of 1st period - Stopped by Tristan Jarry with a rebound.
17:15 of 1st period - Andrew Cogliano is hit by Valeri Nichushkin and loses puck.
17:28 of 1st period - Shot by Nathan MacKinnon.
17:28 of 1st period - Stopped by Tristan Jarry without a rebound.
17:29 of 1st period - Eetu Luostarinen wins face-off versus Sebastian Aho in Blues zone.
18:10 of 1st period - Shot by Logan Couture.
18:10 of 1st period - Stopped by Ilya Samsonov without a rebound.
18:11 of 1st period - Nic Dowd wins face-off versus Rocco Grimaldi in Avalanche zone.
18:20 of 1st period - Shot by Tyler Motte.
18:20 of 1st period - Shot Misses the Net.
18:35 of 1st period - Shot by Nic Dowd.
18:35 of 1st period - Shot Misses the Net.
18:41 of 1st period - Shot by Filip Forsberg.
18:41 of 1st period - Stopped by Ilya Samsonov without a rebound.
18:42 of 1st period - Roope Hintz wins face-off versus Logan Couture in Avalanche zone.
19:00 of 1st period - Off-side.
19:01 of 1st period - Teddy Blueger wins face-off versus Sebastian Aho in neutral zone.
19:04 of 1st period - Evander Kane is hit by Brandon Hagel and loses puck.
19:18 of 1st period - Teddy Blueger is hit by Justin Faulk and loses puck.
19:21 of 1st period - Shot by Noah Dobson.
19:21 of 1st period - Shot Misses the Net.
19:23 of 1st period - Shot by Andrew Cogliano.
19:23 of 1st period - Stopped by Ilya Samsonov without a rebound.
19:24 of 1st period - Cole Guttman wins face-off versus Roope Hintz in Avalanche zone.
19:57 of 1st period - Shot by Darren Helm.
19:57 of 1st period - Stopped by Ilya Samsonov without a rebound.
19:58 of 1st period - Alex Newhook wins face-off versus Teddy Blueger in Avalanche zone.
Goals for this period are 0 for Avalanche vs 1 for Blues.
Shots for this period are 16 for Avalanche vs 10 for Blues.

2nd period


0:01 of 2nd period - Teddy Blueger wins face-off versus Alex Newhook in neutral zone.
0:23 of 2nd period - Off-side.
0:24 of 2nd period - Sebastian Aho wins face-off versus Logan Couture in neutral zone.
0:52 of 2nd period - Shot by Logan Couture.
0:52 of 2nd period - Shot Misses the Net.
2:57 of 2nd period - Nathan MacKinnon is hit by Noah Dobson and loses puck.
3:26 of 2nd period - Shot by Jake Guentzel.
3:26 of 2nd period - Shot Misses the Net.
3:28 of 2nd period - Shot by Gustav Forsling.
3:28 of 2nd period - Stopped by Ilya Samsonov without a rebound.
3:29 of 2nd period - Roope Hintz wins face-off versus Eetu Luostarinen in Avalanche zone.
4:34 of 2nd period - Valeri Nichushkin is hit by Anders Lee.
4:56 of 2nd period - Shot by Anders Lee.
4:56 of 2nd period - Shot Blocked by Justin Faulk.
5:22 of 2nd period - Sebastian Aho is hit by Nic Dowd and loses puck.
5:50 of 2nd period - Shot by Nic Dowd.
5:50 of 2nd period - Shot Misses the Net.
5:52 of 2nd period - Shot by Derek Forbort.
5:52 of 2nd period - Shot Misses the Net.
5:54 of 2nd period - Shot by Nic Dowd.
5:54 of 2nd period - Stopped by Ilya Samsonov with a rebound.
6:24 of 2nd period - Shot by Valeri Nichushkin.
6:24 of 2nd period - Stopped by Tristan Jarry without a rebound.
6:25 of 2nd period - Sebastian Aho wins face-off versus Logan Couture in Blues zone.
6:36 of 2nd period - Shot by Evander Kane.
6:36 of 2nd period - Stopped by Tristan Jarry without a rebound.
6:37 of 2nd period - Cole Guttman wins face-off versus Alex Newhook in Blues zone.
6:37 of 2nd period - Cole Guttman is hit by Nathan MacKinnon.
7:03 of 2nd period - Shot by Nathan MacKinnon.
7:03 of 2nd period - Stopped by Tristan Jarry without a rebound.
7:04 of 2nd period - Logan Couture wins face-off versus Sebastian Aho in Blues zone.
7:04 of 2nd period - Logan Couture is hit by Evander Kane.
7:07 of 2nd period - Icing by Anders Lee.
7:08 of 2nd period - Roope Hintz wins face-off versus Logan Couture in Blues zone.
7:49 of 2nd period - Shot by Anders Lee.
7:49 of 2nd period - Deflect By Jake Guentzel.
7:49 of 2nd period - Shot Misses the Net.
8:17 of 2nd period - Shot by Brandon Hagel.
8:17 of 2nd period - Stopped by Ilya Samsonov without a rebound.
8:18 of 2nd period - Nathan MacKinnon wins face-off versus Nic Dowd in Avalanche zone.
8:27 of 2nd period - Shot by Filip Forsberg.
8:27 of 2nd period - Shot Misses the Net.
8:29 of 2nd period - Shot by Sean Walker.
8:29 of 2nd period - Shot Misses the Net.
8:31 of 2nd period - Shot by Tyler Motte.
8:31 of 2nd period - Shot Blocked by Marc-Edouard Vlasic.
8:33 of 2nd period - Shot by Tyler Motte.
8:33 of 2nd period - Shot Misses the Net.
8:35 of 2nd period - Shot by Tyler Motte.
8:35 of 2nd period - Deflect By Filip Forsberg.
8:35 of 2nd period - Shot Misses the Net.
8:49 of 2nd period - Shot by Filip Forsberg.
8:49 of 2nd period - Shot Blocked by Marc-Edouard Vlasic.
9:17 of 2nd period - Shot by Eetu Luostarinen.
9:17 of 2nd period - Shot Blocked by Tyson Barrie.
9:19 of 2nd period - Shot by Eetu Luostarinen.
9:19 of 2nd period - Stopped by Ilya Samsonov without a rebound.
9:20 of 2nd period - Teddy Blueger wins face-off versus Sebastian Aho in Avalanche zone.
9:21 of 2nd period - Shot by Andrew Cogliano.
9:21 of 2nd period - Shot Misses the Net.
9:23 of 2nd period - Shot by Mario Ferraro.
9:23 of 2nd period - Stopped by Ilya Samsonov with a rebound.
9:33 of 2nd period - Shot by Teddy Blueger.
9:33 of 2nd period - Stopped by Ilya Samsonov without a rebound.
9:34 of 2nd period - Roope Hintz wins face-off versus Jake Guentzel in Avalanche zone.
10:11 of 2nd period - Shot by Jake Guentzel.
10:11 of 2nd period - Stopped by Ilya Samsonov with a rebound.
11:48 of 2nd period - Shot by Tyler Motte.
11:48 of 2nd period - Shot Misses the Net.
11:52 of 2nd period - Shot by Filip Forsberg.
11:52 of 2nd period - Stopped by Ilya Samsonov without a rebound.
11:53 of 2nd period - Cole Guttman wins face-off versus Nathan MacKinnon in Avalanche zone.
11:59 of 2nd period - Minor Penalty to Darren Helm for Holding.
12:00 of 2nd period - Eetu Luostarinen wins face-off versus Nathan MacKinnon in Blues zone.
13:10 of 2nd period - Tyler Motte is hit by Evander Kane and loses puck.
14:04 of 2nd period - Off-side.
14:05 of 2nd period - Roope Hintz wins face-off versus Logan Couture in neutral zone.
14:09 of 2nd period - Off-side.
14:10 of 2nd period - Roope Hintz wins face-off versus Jake Guentzel in neutral zone.
14:23 of 2nd period - Shot by Roope Hintz.
14:23 of 2nd period - Shot Misses the Net.
15:07 of 2nd period - Shot by Cole Guttman.
15:07 of 2nd period - Stopped by Ilya Samsonov with a rebound.
15:26 of 2nd period - Icing by Alexander Alexeyev.
15:27 of 2nd period - Alex Newhook wins face-off versus Cole Guttman in Blues zone.
15:39 of 2nd period - Icing by Alexander Alexeyev.
15:40 of 2nd period - Nathan MacKinnon wins face-off versus Cole Guttman in Blues zone.
16:38 of 2nd period - Tyson Barrie is hit by Nic Dowd and loses puck.
17:19 of 2nd period - Brandon Hagel is hit by Evander Kane and loses puck.
18:09 of 2nd period - Icing by Derek Forbort.
18:10 of 2nd period - Teddy Blueger wins face-off versus Alex Newhook in Blues zone.
18:20 of 2nd period - Icing by Derek Forbort.
18:21 of 2nd period - Nathan MacKinnon wins face-off versus Teddy Blueger in Blues zone.
18:22 of 2nd period - Shot by Valeri Nichushkin.
18:22 of 2nd period - Stopped by Tristan Jarry with a rebound.
18:42 of 2nd period - Shot by Logan Couture.
18:42 of 2nd period - Stopped by Ilya Samsonov with a rebound.
18:46 of 2nd period - Shot by Logan Couture.
18:46 of 2nd period - Shot Misses the Net.
18:48 of 2nd period - Shot by Logan Couture.
18:48 of 2nd period - Deflect By Jake Guentzel.
18:48 of 2nd period - Shot Misses the Net.
18:59 of 2nd period - Icing by Nathan MacKinnon.
19:00 of 2nd period - Valeri Nichushkin wins face-off versus Nic Dowd in Avalanche zone.
19:00 of 2nd period - Valeri Nichushkin is hit by Nic Dowd.
19:06 of 2nd period - Shot by Justin Faulk.
19:06 of 2nd period - Stopped by Tristan Jarry with a rebound.
Goals for this period are 0 for Avalanche vs 0 for Blues.
Shots for this period are 5 for Avalanche vs 10 for Blues.

3rd period


0:01 of 3rd period - Logan Couture wins face-off versus Alex Newhook in neutral zone.
0:12 of 3rd period - Shot by Logan Couture.
0:12 of 3rd period - Stopped by Ilya Samsonov without a rebound.
0:13 of 3rd period - Sebastian Aho wins face-off versus Teddy Blueger in Avalanche zone.
0:34 of 3rd period - Shot by Evander Kane.
0:34 of 3rd period - Shot Misses the Net.
0:46 of 3rd period - Shot by Sebastian Aho.
0:46 of 3rd period - Shot Misses the Net.
1:12 of 3rd period - Shot by Jake Guentzel.
1:12 of 3rd period - Shot Blocked by Justin Faulk.
1:22 of 3rd period - Shot by Jake Guentzel.
1:22 of 3rd period - Shot Blocked by Justin Faulk.
1:26 of 3rd period - Shot by Anders Lee.
1:26 of 3rd period - Shot Blocked by Justin Faulk.
1:48 of 3rd period - Icing by Gustav Forsling.
1:49 of 3rd period - Roope Hintz wins face-off versus Logan Couture in Blues zone.
2:15 of 3rd period - Shot by Filip Forsberg.
2:15 of 3rd period - Shot Blocked by Jordie Benn.
2:19 of 3rd period - Shot by Tyler Motte.
2:19 of 3rd period - Shot Blocked by Jordie Benn.
2:21 of 3rd period - Shot by Tyler Motte.
2:21 of 3rd period - Deflect By Filip Forsberg.
2:21 of 3rd period - Stopped by Ilya Samsonov without a rebound.
2:22 of 3rd period - Cole Guttman wins face-off versus J.T. Compher in Avalanche zone.
2:56 of 3rd period - Icing by Erik Karlsson.
2:57 of 3rd period - Nic Dowd wins face-off versus Sebastian Aho in Avalanche zone.
2:58 of 3rd period - Shot by Filip Forsberg.
2:58 of 3rd period - Shot Misses the Net.
3:00 of 3rd period - Shot by Filip Forsberg.
3:00 of 3rd period - Shot Misses the Net.
3:35 of 3rd period - Shot by Filip Forsberg.
3:35 of 3rd period - Stopped by Ilya Samsonov with a rebound.
3:51 of 3rd period - Shot by Nathan MacKinnon.
3:51 of 3rd period - Shot Misses the Net.
4:51 of 3rd period - Icing by Jordie Benn.
4:52 of 3rd period - Teddy Blueger wins face-off versus Roope Hintz in Avalanche zone.
4:55 of 3rd period - Shot by Andrew Cogliano.
4:55 of 3rd period - Shot Misses the Net.
5:27 of 3rd period - Shot by Sebastian Aho.
5:27 of 3rd period - Deflect By J.T. Compher.
5:27 of 3rd period - Stopped by Tristan Jarry without a rebound.
5:28 of 3rd period - Nic Dowd wins face-off versus Nathan MacKinnon in Blues zone.
5:37 of 3rd period - Shot by Filip Forsberg.
5:37 of 3rd period - Stopped by Ilya Samsonov without a rebound.
5:38 of 3rd period - Alex Newhook wins face-off versus Darren Helm in Avalanche zone.
6:25 of 3rd period - Off-side.
6:26 of 3rd period - Sebastian Aho wins face-off versus Nic Dowd in neutral zone.
6:36 of 3rd period - Shot by Filip Forsberg.
6:36 of 3rd period - Stopped by Ilya Samsonov without a rebound.
6:37 of 3rd period - Teddy Blueger wins face-off versus Roope Hintz in Avalanche zone.
6:48 of 3rd period - Shot by Roope Hintz.
6:48 of 3rd period - Deflect By Alex Iafallo.
6:48 of 3rd period - Shot Blocked by Teddy Blueger.
6:54 of 3rd period - Shot by Roope Hintz.
6:54 of 3rd period - Shot Misses the Net.
6:56 of 3rd period - Shot by Jordie Benn.
6:56 of 3rd period - Stopped by Tristan Jarry without a rebound.
6:57 of 3rd period - Nic Dowd wins face-off versus Sebastian Aho in Blues zone.
7:18 of 3rd period - Shot by Nic Dowd.
7:18 of 3rd period - Stopped by Ilya Samsonov without a rebound.
7:19 of 3rd period - Mikko Rantanen wins face-off versus Logan Couture in Avalanche zone.
7:30 of 3rd period - Shot by Valeri Nichushkin.
7:30 of 3rd period - Stopped by Tristan Jarry with a rebound.
7:36 of 3rd period - Shot by Nathan MacKinnon.
7:36 of 3rd period - Deflect By Valeri Nichushkin.
7:36 of 3rd period - Stopped by Tristan Jarry with a rebound.
8:36 of 3rd period - Shot by Alex Iafallo.
8:36 of 3rd period - Shot Misses the Net.
8:38 of 3rd period - Shot by Warren Foegele.
8:38 of 3rd period - Stopped by Tristan Jarry with a rebound.
8:40 of 3rd period - Shot by Warren Foegele.
8:40 of 3rd period - Shot Misses the Net.
9:19 of 3rd period - Shot by J.T. Compher.
9:19 of 3rd period - Stopped by Tristan Jarry with a rebound.
9:33 of 3rd period - Shot by Sebastian Aho.
9:33 of 3rd period - Stopped by Tristan Jarry with a rebound.
9:37 of 3rd period - Shot by Sebastian Aho.
9:37 of 3rd period - Stopped by Tristan Jarry without a rebound.
9:38 of 3rd period - Alex Newhook wins face-off versus Teddy Blueger in Blues zone.
10:02 of 3rd period - Icing by Mario Ferraro.
10:03 of 3rd period - Teddy Blueger wins face-off versus J.T. Compher in Blues zone.
10:13 of 3rd period - Shot by Andrew Cogliano.
10:13 of 3rd period - Stopped by Ilya Samsonov without a rebound.
10:14 of 3rd period - Logan Couture wins face-off versus Nathan MacKinnon in Avalanche zone.
10:20 of 3rd period - Logan Couture is hit by Justin Faulk and loses puck.
10:32 of 3rd period - Minor Penalty to Erik Karlsson for Tripping.
10:33 of 3rd period - Logan Couture wins face-off versus Roope Hintz in Avalanche zone.
10:42 of 3rd period - Shot by Logan Couture.
10:42 of 3rd period - Stopped by Ilya Samsonov without a rebound.
10:43 of 3rd period - Roope Hintz wins face-off versus Logan Couture in Avalanche zone.
11:14 of 3rd period - Shot by Brandon Hagel.
11:14 of 3rd period - Shot Blocked by Roope Hintz.
11:54 of 3rd period - Shot by Tyler Motte.
11:54 of 3rd period - Stopped by Ilya Samsonov with a rebound.
11:56 of 3rd period - Shot by Gustav Forsling.
11:56 of 3rd period - Stopped by Ilya Samsonov without a rebound.
11:57 of 3rd period - Nic Dowd wins face-off versus Roope Hintz in Avalanche zone.
12:18 of 3rd period - Brandon Hagel is hit by Valeri Nichushkin and loses puck.
12:28 of 3rd period - Icing by Noah Dobson.
12:29 of 3rd period - Nic Dowd wins face-off versus Roope Hintz in Blues zone.
13:29 of 3rd period - Shot by Sebastian Aho.
13:29 of 3rd period - Shot Misses the Net.
14:44 of 3rd period - Icing by Alexander Alexeyev.
14:45 of 3rd period - Nathan MacKinnon wins face-off versus Teddy Blueger in Blues zone.
15:04 of 3rd period - Shot by Valeri Nichushkin.
15:04 of 3rd period - Shot Misses the Net.
15:06 of 3rd period - Shot by Marc-Edouard Vlasic.
15:06 of 3rd period - Shot Misses the Net.
15:08 of 3rd period - Shot by Nathan MacKinnon.
15:08 of 3rd period - Shot Misses the Net.
15:14 of 3rd period - Shot by Mikko Rantanen.
15:14 of 3rd period - Shot Blocked by Gustav Forsling.
15:16 of 3rd period - Shot by Nathan MacKinnon.
15:16 of 3rd period - Shot Misses the Net.
15:41 of 3rd period - Minor Penalty to Sebastian Aho for Holding.
15:42 of 3rd period - Roope Hintz wins face-off versus Logan Couture in Avalanche zone.
15:52 of 3rd period - Logan Couture is hit by Erik Karlsson and loses puck.
16:58 of 3rd period - Shot by Derek Forbort.
16:58 of 3rd period - Shot Misses the Net.
17:07 of 3rd period - Shot by Filip Forsberg.
17:07 of 3rd period - Stopped by Ilya Samsonov without a rebound.
17:08 of 3rd period - Nathan MacKinnon wins face-off versus Logan Couture in Avalanche zone.
17:15 of 3rd period - Shot by Jake Guentzel.
17:15 of 3rd period - Shot Misses the Net.
17:17 of 3rd period - Shot by Logan Couture.
17:17 of 3rd period - Shot Blocked by Erik Karlsson.
17:23 of 3rd period - Shot by Jake Guentzel.
17:23 of 3rd period - Deflect By Anders Lee.
17:23 of 3rd period - Shot Misses the Net.
17:25 of 3rd period - Shot by Mario Ferraro.
17:25 of 3rd period - Stopped by Ilya Samsonov without a rebound.
17:26 of 3rd period - Nic Dowd wins face-off versus Mikko Rantanen in Avalanche zone.
17:37 of 3rd period - Shot by Jake Guentzel.
17:37 of 3rd period - Shot Blocked by Marc-Edouard Vlasic.
17:39 of 3rd period - Shot by Mario Ferraro.
17:39 of 3rd period - Shot Blocked by Tyson Barrie.
17:41 of 3rd period - Shot by Filip Forsberg.
17:41 of 3rd period - Stopped by Ilya Samsonov without a rebound.
17:42 of 3rd period - Sebastian Aho wins face-off versus Cole Guttman in Avalanche zone.
18:10 of 3rd period - Icing by Derek Forbort.
18:11 of 3rd period - Alex Newhook wins face-off versus Cole Guttman in Blues zone.
18:21 of 3rd period - Shot by Rocco Grimaldi.
18:21 of 3rd period - Stopped by Tristan Jarry without a rebound.
18:22 of 3rd period - Tyler Motte wins face-off versus Nathan MacKinnon in Blues zone.
18:33 of 3rd period - Shot by Noah Dobson.
18:33 of 3rd period - Stopped by Ilya Samsonov with a rebound.
18:35 of 3rd period - Shot by Mario Ferraro.
18:35 of 3rd period - Shot Blocked by Tyson Barrie.
18:37 of 3rd period - Shot by Nic Dowd.
18:37 of 3rd period - Stopped by Ilya Samsonov with a rebound.
19:15 of 3rd period - Icing by Teddy Blueger.
19:16 of 3rd period - Anders Lee wins face-off versus Nathan MacKinnon in Blues zone.
19:41 of 3rd period - Avalanche, Ilya Samsonov is pulled from the net.
Goals for this period are 0 for Avalanche vs 0 for Blues.
Shots for this period are 9 for Avalanche vs 15 for Blues.